 Dungeon Crawl Stone Soup version 0.22.0-38-g04b72b8 (webtiles) character file.

4722 Lew the Blocker (level 10, -5/82 HPs)
             Began as a Gnoll Fighter on Aug 28, 2018.
             Was an Elder of Okawaru.
             Slain by a komodo dragon (18 damage)
             ... on level 9 of the Dungeon.
             The game lasted 00:18:19 (8978 turns).

Lew the Blocker (Gnoll Fighter)                     Turns: 8978, Time: 00:18:20

Health: -5/82      AC:  9    Str: 18    XL:     10   Next: 45%
Magic:  17/17      EV: 17    Int: 11    God:    Okawaru [****..]
Gold:   405        SH: 11    Dex: 18    Spells: 19/19 levels left

rFire    + + .     SeeInvis .   a - +1 long sword
rCold    + . .     Gourm    .   c - +0 shield
rNeg     . . .     Faith    .   w - +0 leather armour "Ocat" {MR++}
rPois    +         Spirit   .   x - +0 helmet
rElec    +         Reflect  .   q - +1 cloak {+Inv}
rCorr    +         Harm     .   o - +0 pair of gloves
MR       ++...                  (no boots)
Stlth    +++.......             (no amulet)
HPRegen  0.23/turn              s - +3 ring of evasion
MPRegen  0.15/turn              n - ring of protection from fire

@: resistant, hasted, very quick
A: distributed training, fangs 1, strong nose
a: Heroism, Renounce Religion, Evoke Invisibility


You were on level 9 of the Dungeon.
You worshipped Okawaru.
Okawaru was greatly pleased with you.
You were hungry.

You visited 2 branches of the dungeon, and saw 10 of its levels.
You also visited: Sewer.

You collected 405 gold pieces.

Inventory:

Hand Weapons
 a - a +1 long sword (weapon)
Armour
 b - a +0 scale mail
 c - a +0 shield (worn)
 o - a +0 pair of gloves (worn)
 q - a +1 cloak of invisibility (worn)
 w - the +0 leather armour "Ocat" (worn) {MR++}
   (You found it on level 8 of the Dungeon)

   It affects your resistance to hostile enchantments.
 x - a +0 helmet (worn)
Jewellery
 n - a ring of protection from fire (right hand)
 s - a +3 ring of evasion (left hand)
Wands
 v - a wand of polymorph (8)
Scrolls
 d - 3 scrolls of summoning
 e - 4 scrolls of remove curse
 i - 2 scrolls of amnesia
 j - 3 scrolls of fog
 k - a scroll of magic mapping
 m - 2 scrolls of teleportation
 u - a scroll of blinking
Potions
 h - a potion of curing
 p - a potion of haste
 r - a potion of resistance
Comestibles
 f - 9 rations


   Skills:
 + Level 8.4 Fighting
 + Level 5.2 Short Blades
 + Level 7.0 Long Blades
 + Level 5.2 Axes
 + Level 5.2 Maces & Flails
 + Level 5.2 Polearms
 + Level 5.2 Staves
 + Level 5.2 Slings
 + Level 5.2 Bows
 + Level 5.2 Crossbows
 + Level 5.2 Throwing
 + Level 8.4 Armour
 + Level 5.2 Dodging
 + Level 5.2 Stealth
 + Level 8.4 Shields
 + Level 5.2 Unarmed Combat
 + Level 5.2 Spellcasting
 + Level 4.3 Conjurations
 + Level 4.3 Hexes
 + Level 4.3 Charms
 + Level 4.3 Summonings
 + Level 4.3 Necromancy
 + Level 4.3 Translocations
 + Level 4.3 Transmutations
 + Level 4.3 Fire Magic
 + Level 4.3 Ice Magic
 + Level 4.3 Air Magic
 + Level 4.3 Earth Magic
 + Level 4.3 Poison Magic
 + Level 5.7 Invocations
 + Level 5.2 Evocations


You had 19 spell levels left.
You didn't know any spells.
Your spell library contained the following spells:

 Spells                   Type           Power        Failure   Level  Hunger
 Animate Skeleton         Necr           N/A          10%         1    None
 Apportation              Tloc           ##....       10%         1    None
 Confusing Touch          Hex            ##....       10%         1    None
 Summon Small Mammal      Summ           ##..         10%         1    None


Dungeon Overview and Level Annotations

Branches:
Dungeon (9/15)             Temple (1/1) D:5            Lair (0/6) D:9
    Orc: D:9-12

Altars:
Ashenzari
Cheibriados
Dithmenos
Elyvilon
Fedhas
Gozag
Kikubaaqudgha
Makhleb
Nemelex Xobeh
Okawaru
Qazlal
Ru
Sif Muna
Trog
Uskayaw
Vehumet
Xom
Yredelemnul


Innate Abilities, Weirdness & Mutations

Your experience applies equally to all skills.
You have very sharp teeth.
Your uncanny sense of smell can sniff out nearby items.


Message History

The komodo dragon is lightly wounded.
You hit the komodo dragon but do no damage.
The komodo dragon is lightly wounded.
The komodo dragon bites you but does no damage.
You hit the komodo dragon. Your bite misses the komodo dragon.
The komodo dragon is lightly wounded.
The komodo dragon barely misses you.
You riposte.
You barely miss the komodo dragon.
The komodo dragon is lightly wounded.
You hit the komodo dragon. Your bite misses the komodo dragon.
The komodo dragon is moderately wounded.
The komodo dragon bites you!!
* * * LOW HITPOINT WARNING * * *
You slash the komodo dragon! Your bite misses the komodo dragon.
The komodo dragon is heavily wounded.
You hit the komodo dragon.
You bite the komodo dragon, but do no damage.
The komodo dragon is heavily wounded.
The komodo dragon bites you!!
You die...

#.### .# #...## #.#
##...#######.#
##P....##.....#
#PPP....#.....#
#PPP....#.....#
#PPPPP........#
#PPPP.........#
#PP.PP@...###.#########
#P...lP..## #..........
#P.>.PP..# ###########
#P..PPP.##


#PPPPPP.# ##PPPPP## ######### #.#.# #.#.############## You could see a komodo
dragon.

Vanquished Creatures
  A two-headed ogre (D:6)
  The ghost of Verendum the Basher, a novice OpBe of Trog (D:8)
  3 water moccasins
  Purgy (Sewer)
  2 ice beasts
  2 orc warriors (D:8)
  A phantom (D:4)
  5 sky beasts
  4 ogres
  4 centaurs
  2 bullfrogs
  A water moccasin zombie (D:5)
  A wyvern skeleton (D:7)
  3 howler monkeys
  A centaur zombie (D:8)
  3 crimson imps
  A quasit (D:5)
  A jelly (D:6)
  2 hounds
  Crazy Yiuf (D:2)
  2 bullfrog skeletons (D:6)
  5 orc priests
  A centaur skeleton (D:7)
  2 iguanas (D:5)
  6 orc wizards
  3 worker ants
  2 hound skeletons (D:7)
  Robin (D:2)
  A howler monkey zombie (D:8)
  13 adders
  A river rat (D:3)
  2 oozes
  An adder zombie (D:6)
  An adder skeleton (D:6)
  4 worms
  4 leopard geckos
  40 orcs
  14 bats
  4 giant cockroaches
  21 goblins
  7 hobgoblins
  9 jackals
  4 quokkas
  A ball python (D:4)
  4 frilled lizards
  A jackal zombie (D:5)
  12 kobolds
  A quokka skeleton (D:5)
  2 quokka zombies
  5 rats (D:1)
214 creatures vanquished.

Vanquished Creatures (others)
  A plant (D:9)
1 creature vanquished.

Grand Total: 215 creatures vanquished

Notes
Turn   | Place    | Note
-------+----------+-------------------------------------------
     0 | D:1      | Lew the Gnoll Fighter began the quest for the Orb.
     0 | D:1      | Reached XP level 1. HP: 23/23 MP: 1/1
   140 | D:1      | Reached XP level 2. HP: 29/29 MP: 2/2
   730 | D:2      | Reached XP level 3. HP: 35/35 MP: 3/3
   883 | D:2      | Noticed Robin
   923 | D:2      | Reached skill level 1 in Invocations
   937 | D:2      | Killed Robin
   937 | D:2      | Reached skill level 1 in Short Blades
   937 | D:2      | Reached skill level 1 in Axes
   937 | D:2      | Reached skill level 1 in Maces & Flails
   937 | D:2      | Reached skill level 1 in Polearms
   937 | D:2      | Reached skill level 1 in Staves
   937 | D:2      | Reached skill level 1 in Slings
   937 | D:2      | Reached skill level 1 in Bows
   937 | D:2      | Reached skill level 1 in Crossbows
   937 | D:2      | Reached skill level 1 in Throwing
   937 | D:2      | Reached skill level 1 in Dodging
   937 | D:2      | Reached skill level 1 in Stealth
   937 | D:2      | Reached skill level 1 in Unarmed Combat
   937 | D:2      | Reached skill level 1 in Spellcasting
   937 | D:2      | Reached skill level 1 in Evocations
  1029 | D:2      | Reached XP level 4. HP: 24/41 MP: 5/5
  1442 | D:2      | Found a runed door.
  1736 | D:2      | Noticed a water elemental
  1739 | D:2      | Found a stormy altar of Qazlal.
  1740 | D:2      | Noticed an earth elemental
  1741 | D:2      | Noticed a fire elemental
  1741 | D:2      | Noticed an air elemental
  1899 | D:2      | Found a shattered altar of Ashenzari.
  2025 | D:2      | Noticed Crazy Yiuf
  2041 | D:2      | Killed Crazy Yiuf
  2041 | D:2      | Reached skill level 1 in Conjurations
  2041 | D:2      | Reached skill level 1 in Hexes
  2041 | D:2      | Reached skill level 1 in Charms
  2041 | D:2      | Reached skill level 1 in Summonings
  2041 | D:2      | Reached skill level 1 in Necromancy
  2041 | D:2      | Reached skill level 1 in Translocations
  2041 | D:2      | Reached skill level 1 in Transmutations
  2041 | D:2      | Reached skill level 1 in Fire Magic
  2041 | D:2      | Reached skill level 1 in Ice Magic
  2041 | D:2      | Reached skill level 1 in Air Magic
  2041 | D:2      | Reached skill level 1 in Earth Magic
  2041 | D:2      | Reached skill level 1 in Poison Magic
  2041 | D:2      | Reached XP level 5. HP: 7/47 MP: 1/6
  2373 | D:3      | Found a sacrificial altar of Ru.
  2455 | D:3      | Found a glowing drain.
  2459 | Sewer    | Entered a sewer
  2496 | Sewer    | Noticed Purgy
  2502 | Sewer    | Killed Purgy
  2502 | Sewer    | Reached XP level 6. HP: 51/53 MP: 8/8
  2850 | D:3      | Reached skill level 5 in Long Blades
  2981 | D:3      | Found an iron altar of Okawaru.
  2981 | D:3      | Found a bloodstained altar of Trog.
  2995 | D:3      | Became a worshipper of Warmaster Okawaru
  3202 | D:4      | Found a shadowy altar of Dithmenos.
  3268 | D:4      | Reached XP level 7. HP: 59/59 MP: 10/10
  3453 | D:4      | Reached * piety under Okawaru
  4146 | D:4      | Found a stormy altar of Qazlal.
  4148 | D:4      | Found a shadowy altar of Dithmenos.
  4148 | D:4      | Found a shattered altar of Ashenzari.
  4150 | D:4      | Found a blossoming altar of Fedhas.
  4150 | D:4      | Found a snail-covered altar of Cheibriados.
  4150 | D:4      | Found a shimmering altar of Xom.
  4207 | D:5      | Entered Level 5 of the Dungeon
  4226 | D:5      | Reached XP level 8. HP: 67/67 MP: 12/12
  4365 | D:5      | Reached ** piety under Okawaru
  4664 | D:5      | Found a staircase to the Ecumenical Temple.
  4678 | Temple   | Entered the Ecumenical Temple
  5185 | D:5      | Found an opulent altar of Gozag.
  5585 | D:6      | Reached XP level 9. HP: 66/72 MP: 14/14
  5691 | D:6      | Noticed a two-headed ogre
  5743 | D:6      | Killed a two-headed ogre
  5743 | D:6      | Reached *** piety under Okawaru
  6985 | D:7      | Reached skill level 5 in Invocations
  7589 | D:8      | Reached **** piety under Okawaru
  7600 | D:8      | Reached XP level 10. HP: 61/80 MP: 17/17
  7991 | D:8      | Found a snail-covered altar of Cheibriados.
  8220 | D:8      | Reached skill level 5 in Short Blades
  8220 | D:8      | Reached skill level 5 in Axes
  8220 | D:8      | Reached skill level 5 in Maces & Flails
  8220 | D:8      | Reached skill level 5 in Polearms
  8220 | D:8      | Reached skill level 5 in Staves
  8220 | D:8      | Reached skill level 5 in Slings
  8220 | D:8      | Reached skill level 5 in Bows
  8220 | D:8      | Reached skill level 5 in Crossbows
  8220 | D:8      | Reached skill level 5 in Throwing
  8220 | D:8      | Reached skill level 5 in Dodging
  8220 | D:8      | Reached skill level 5 in Stealth
  8220 | D:8      | Reached skill level 5 in Unarmed Combat
  8220 | D:8      | Reached skill level 5 in Spellcasting
  8220 | D:8      | Reached skill level 5 in Evocations
  8474 | D:8      | Found a runed door.
  8479 | D:8      | Noticed Verendum's ghost (novice OpBe)
  8522 | D:8      | Killed Verendum's ghost
  8688 | D:8      | Got a distressingly furry leather armour
  8783 | D:8      | Identified the cursed +0 leather armour "Ocat" {MR++} (You found it on level 8 of the Dungeon)
  8926 | D:9      | Found a staircase to the Lair.
  8978 | D:9      | Slain by a komodo dragon

Skill      XL: |  1  2  3  4  5  6  7  8  9 10 |
---------------+-------------------------------+-----
Invocations    | 1 2 3 4 5 |  5.7
Short Blades   | 1 2 3 4 5 |  5.2
Axes           | 1 2 3 4 5 |  5.2
Maces & Flails | 1 2 3 4 5 |  5.2
Polearms       | 1 2 3 4 5 |  5.2
Staves         | 1 2 3 4 5 |  5.2
Slings         | 1 2 3 4 5 |  5.2
Bows           | 1 2 3 4 5 |  5.2
Crossbows      | 1 2 3 4 5 |  5.2
Throwing       | 1 2 3 4 5 |  5.2
Dodging        | 1 2 3 4 5 |  5.2
Stealth        | 1 2 3 4 5 |  5.2
Unarmed Combat | 1 2 3 4 5 |  5.2
Spellcasting   | 1 2 3 4 5 |  5.2
Evocations     | 1 2 3 4 5 |  5.2
Conjurations   | 1 2 3 4 |  4.3
Hexes          | 1 2 3 4 |  4.3
Charms         | 1 2 3 4 |  4.3
Summonings     | 1 2 3 4 |  4.3
Necromancy     | 1 2 3 4 |  4.3
Translocations | 1 2 3 4 |  4.3
Transmutations | 1 2 3 4 |  4.3
Fire Magic     | 1 2 3 4 |  4.3
Ice Magic      | 1 2 3 4 |  4.3
Air Magic      | 1 2 3 4 |  4.3
Earth Magic    | 1 2 3 4 |  4.3
Poison Magic   | 1 2 3 4 |  4.3
Long Blades    | 5 6 7 |  7.0
Fighting       | 7 8 |  8.4
Armour         | 7 8 |  8.4
Shields        | 7 8 |  8.4

Action                   |  1- 3 |  4- 6 |  7- 9 | 10-12 || total
-------------------------+-------+-------+-------+-------++-------
Melee: Long sword        |   125 |   179 |   468 |   203 ||   975
       Bite              |    13 |    26 |    90 |    39 ||   168
  Use: Scroll            |     4 |     7 |     7 |     3 ||    21
       Potion            |     1 |     6 |     1 |     7 ||    15
 Stab: Sleeping          |       |       |     2 |     1 ||     3
  Eat: Chunk             |       |     4 |    13 |     3 ||    20
       Ration            |       |     1 |     1 |       ||     2
Armor: Scale mail        |    41 |   101 |   159 |    64 ||   365
       Leather armour    |       |       |       |     3 ||     3
Dodge: Dodged            |    39 |    74 |   168 |   101 ||   382
Block: Shield            |    85 |   115 |   265 |   105 ||   570
       Rpst.: Long sword |    14 |    17 |    47 |    34 ||   112
